 Dungeon Crawl Stone Soup version 0.29-a0-914-g906f1d757c (webtiles) character file.

Game seed: 12905765848653943548

340915 Ge0ff the Convoker (level 21, -4/99 (107) HPs)
             Began as a Vine Stalker Summoner on July 26, 2022.
             Was a Priest of Ru.
             Killed from afar by a hellion (32 damage)
             ... with damnation
             ... in a wizard's laboratory on July 28, 2022.
             The game lasted 03:25:53 (48256 turns).

Ge0ff the Convoker (Vine Stalker Summoner)         Turns: 48256, Time: 03:25:54

HP:   -4/99 (107)   AC: 21    Str: 12    XL:     21   Next: 0%
MP:   0/41          EV: 18    Int: 29    God:    Ru [***...]
Gold: 3633          SH:  7    Dex: 23    Spells: 5/50 levels left

rFire   + . .      SeeInvis +   a - +7 short sword "Famn" {drain, rElec Will+ Dex+6}
rCold   + . .      Faith    .   k - +1 buckler
rNeg    + . .      Spirit   +   D - +4 troll leather armour
rPois   +          Reflect  .   W - +2 helmet {SInv}
rElec   +          Harm     .   L - scarf {rC+ rF+}
rCorr   .          Rampage  .   Q - +2 pair of gloves of the Invisible Hand {Drain rPois rN+}
Will    +++..                   Z - +2 pair of boots
Stlth   ++........              X - amulet of magic regeneration
HPRegen 1.86/turn               t - +4 ring of protection {=R}
MPRegen 0.67/turn               A - +6 ring of intelligence

@: exhausted, studying Hexes, drained
A: fangs 3, regeneration 1, magic shield, antimagic bite, no potion heal 2,
inability to train armour, inexperienced 1
}: 2/15 runes: barnacled, gossamer
a: Renounce Religion, Sacrifice Experience, Sacrifice Essence, Sacrifice a Hand,
Reject Sacrifices, Draw Out Power


You were in a wizard's laboratory.
You worshipped Ru.
Ru was most pleased with you.
You visited 7 branches of the dungeon, and saw 36 of its levels.
You also visited: Sewer, Ossuary, Ice Cave, Volcano and Wizlab.

You collected 5233 gold pieces.
You spent 1600 gold pieces at shops.

Inventory:

Hand Weapons
 a - the +7 short sword "Famn" (weapon) {drain, rElec Will+ Dex+6}
   (You found it on level 5 of the Lair of Beasts)

   A truly terrible weapon, it drains the life of any living foe it strikes.
   Dex:       It affects your dexterity (+6).
   rElec:     It insulates you from electricity.
   Will:      It increases your willpower.
 b - a +6 demon trident of electrocution
Missiles
 n - 23 boomerangs
 v - 4 curare-tipped darts {=F}
 Y - 11 silver boomerangs (quivered)
Armour
 k - a +1 buckler (worn)
 w - a +2 cloak of poison resistance
 D - a +4 troll leather armour (worn)
 L - a scarf of resistance (worn)
 Q - the +2 pair of gloves of the Invisible Hand (worn) {Drain rPois rN+}
   (You found it on level 3 of the Shoals)

   rPois:     It protects you from poison.
   rN:        It protects you from negative energy.
   Drain:     It drains your maximum health when unequipped.
 W - a +2 helmet of see invisible (worn)
 Z - a +2 pair of boots (worn)
Jewellery
 e - the ring of Light {Fly Stlth+}
   (You took it off an ogre mage on level 8 of the Dungeon)

   [ring of flight]

   Fly:       It grants you flight.
   Stlth:     It makes you more stealthy.
 i - the ring "Tiajees" {rElec rF+ Int-5 SInv Stlth+}
   (You found it in an ice cave)

   [ring of see invisible]

   Int:       It affects your intelligence (-5).
   rF:        It protects you from fire.
   rElec:     It insulates you from electricity.
   SInv:      It lets you see invisible.
   Stlth:     It makes you more stealthy.
 t - a +4 ring of protection (left hand) {=R}
 x - the ring of Ucraigronka {rF+ Dex+4 Slay+3}
   (You found it on level 4 of the Shoals)

   [ring of protection from fire]

   Dex:       It affects your dexterity (+4).
   Slay:      It affects your accuracy & damage with ranged weapons and melee
   (+3).
   rF:        It protects you from fire.
 A - a +6 ring of intelligence (right hand)
 G - a ring of wizardry
 X - an amulet of magic regeneration (around neck)
Wands
 d - a wand of digging (5)
 f - a wand of flame (67)
 j - a wand of acid (1)
 p - a wand of paralysis (5)
 r - a wand of roots (2)
 s - a wand of mindburst (24)
 P - a wand of polymorph (10)
Scrolls
 h - a scroll of enchant armour
 m - 6 scrolls of magic mapping
 y - 4 scrolls of immolation
 B - 10 scrolls of blinking
 C - 2 scrolls of poison
 E - 3 scrolls of fear
 F - a scroll of fog
 J - 3 scrolls of silence {!r}
 S - a scroll of summoning
 T - 14 scrolls of teleportation
 V - 10 scrolls of vulnerability
Potions
 o - 19 potions of ambrosia
 q - 18 potions of curing
 u - 8 potions of mutation {!q}
 z - 4 potions of brilliance
 H - 7 potions of haste {!q}
 I - 5 potions of invisibility
 K - a potion of magic {!q}
 M - 12 potions of might
 N - 2 potions of cancellation {!q}
 R - 3 potions of resistance
Miscellaneous
 c - a condenser vane
 l - a lightning rod (4/4)
 O - a box of beasts
 U - a phantom mirror


   Skills:
 - Level 10.0 Fighting
 + Level 9.1 Short Blades
 - Level 3.0 Polearms
 - Level 6.0 Throwing
 + Level 9.1 Dodging
 - Level 2.4 Stealth
 - Level 5.0 Shields
 - Level 15.0 Spellcasting
 - Level 14.0 Hexes
 - Level 20.0 Summonings
 - Level 7.0 Necromancy
 + Level 12.1 Translocations
 - Level 7.0 Transmutations
 - Level 7.0 Air Magic
 - Level 10.0 Earth Magic
 - Level 3.0 Invocations
 + Level 9.7 Evocations


You had 5 spell levels left.
You knew the following spells:

 Your Spells              Type           Power      Damage    Failure   Level
c - Blink                 Tloc           100%       N/A       1%          2
f - Summon Guardian Gole  Hex/Summ       88%        N/A       0%          3
g - Apportation           Tloc           100%       N/A       1%          1
j - Anguish               Hex/Necr       35%        N/A       1%          4
l - Summon Lightning Spi  Summ/Air       79%        N/A       1%          4
s - Monstrous Menagerie   Summ           47%        N/A       1%          7
v - Summon Mana Viper     Hex/Summ       88%        N/A       1%          5
w - Passwall              Tmut/Erth      52%        N/A       1%          2
y - Yara's Violent Unrav  Hex/Tmut       35%        3d14      1%          5
C - Lee's Rapid Deconstr  Erth           34%        3d18*     1%          5
M - Malign Gateway        Summ/Tloc      43%        N/A       4%          7

Your spell library contained the following spells:

 Spells                   Type           Power      Damage    Failure   Level
 Slow                     Hex            100%       N/A       0%          1
 Summon Small Mammal      Summ           100%       N/A       0%          1
 Call Imp                 Summ           95%        N/A       0%          2
 Call Canine Familiar     Summ           95%        N/A       0%          3
 Beastly Appendage        Tmut           100%       N/A       1%          1
 Sandblast                Erth           100%       2d20      1%          1
 Shock                    Conj/Air       100%       1d9       1%          1
 Sting                    Tmut/Pois      100%       1d8       1%          1
 Poisonous Vapours        Pois/Air       84%        N/A       1%          2
 Confusing Touch          Hex            80%        N/A       1%          3
 Dazzling Flash           Conj/Hex       100%       N/A       1%          3
 Inner Flame              Hex/Fire       58%        N/A       1%          3
 Lesser Beckoning         Tloc           75%        N/A       1%          3
 Portal Projectile        Hex/Tloc       100%       N/A       1%          3
 Stone Arrow              Conj/Erth      100%       3d13      1%          3
 Swiftness                Air            58%        N/A       1%          3
 Tukima's Dance           Hex            80%        N/A       1%          3
 Vampiric Draining        Necr           58%        2d10      1%          3
 Airstrike                Air            29%        0-10+     1%          4
 Animate Dead             Necr           58%        N/A       1%          4
 Fulminant Prism          Conj/Hex       29%        3d14      1%          4
 Leda's Liquefaction      Hex/Erth       37%        N/A       1%          4
 Passage of Golubria      Tloc           75%        N/A       1%          4
 Petrify                  Tmut/Erth      63%        N/A       1%          4
 Summon Ice Beast         Ice/Summ       68%        N/A       1%          4
 Manifold Assault         Tloc           75%        N/A       1%          5
 Silence                  Hex/Air        35%        N/A       1%          5
 Summon Forest            Summ/Tloc      43%        N/A       1%          5
 Freeze                   Ice            84%        1d10      3%          1
 Magic Dart               Conj           84%        1d7       3%          1
 Ignite Poison            Fire/Tmut/Pois 35%        N/A       4%          3
 Mephitic Cloud           Conj/Pois/Air  35%        N/A       4%          3
 Searing Ray              Conj           42%        2d6       5%          2
 Corpse Rot               Necr/Pois/Air  48%        N/A       5%          4
 Metabolic Englaciation   Hex/Ice        29%        N/A       6%          5
 Ice Form                 Ice/Tmut       42%        N/A       9%          4
 Frozen Ramparts          Ice            42%        1d6       11%         3
 Ozocubu's Armour         Ice            21%        N/A       11%         3
 Alistair's Intoxication  Tmut/Pois      28%        N/A       24%         5
 Lightning Bolt           Conj/Air       21%        1d36      24%         5
 Hailstorm                Conj/Ice       21%        3d6       36%         4
 Olgreb's Toxic Radiance  Pois           21%        N/A       36%         4
 Summon Cactus Giant      Summ           47%        N/A       1%          6
 Haunt                    Necr/Summ      39%        N/A       12%         7
 Statue Form              Tmut/Erth      42%        N/A       17%         6
 Spellforged Servitor     Conj/Summ      34%        N/A       45%         7
 Simulacrum               Ice/Necr       21%        N/A       80%         6
 Storm Form               Tmut/Air       29%        N/A       87%         7
 Orb of Destruction       Conj           10%        9d6       100%        7
 Ozocubu's Refrigeration  Ice            10%        4d7       100%        7
 Ignition                 Fire           10%        3d5       100%        8
 Infestation              Necr           29%        N/A       100%        8
 Lehudib's Crystal Spear  Conj/Erth      25%        10d7      100%        8


Dungeon Overview and Level Annotations

Branches:
Dungeon (15/15) Zot: 25517  Temple (0/1) D:6            Lair (5/5) D:11 Zot: 23612
 Shoals (4/4) Lair:2 Zot: 17848  Spider (4/4) Lair:2 Zot: 18933   Slime (0/5) Lair:4
    Orc (2/2) D:12 Zot: 10091     Elf (3/3) Orc:2 Zot: 12690  Vaults (3/5) D:13 Zot: 13977
  Crypt (0/3) Vaults:3     Depths (0/4) D:15          Sewer (visited)
Ossuary (visited)           IceCv (visited)         Volcano (visited)
 WizLab (1/1) Zot: 5922

Altars:
Dithmenos
Fedhas
Makhleb
Okawaru
Ru
Yredelemnul
Zin
Jiyva

Shops:
D:5 (*   D:7 *(   D:10 *   D:11 ?   Orc:2 **[!   Elf:1 :   Elf:2 :   Shoals:1 *
Shoals:3 !*   Vaults:3 [

Portals:
Abyss: Lair:1
Trove: Vaults:2 (give +3 storm dragon scales)

Annotations:
D:1 3* - stalker of the path
Spider:4 2 transporters, Arachne; Garessta's ghost, adept DsGl


Innate Abilities, Weirdness & Mutations

You have razor-sharp teeth.
Your natural rate of healing is unusually fast.
When hurt, damage is shared between your health and your magic reserves.
Your bite disrupts and absorbs the magic of your enemies.
Potions cannot restore your health.
You cannot train Armour skill.
You are somewhat inexperienced. (-1 XL)


Message History

Your smoke demon closely misses the demonspawn blood saint. x2
Casting: Summon Mana Viper (safe; 1% risk of failure)
Confirm with . or Enter, or press ? or * to list all spells.
Aiming: Lee's Rapid Deconstruction (dangerous; 1% risk of failure)
Press: ? - help, Dir - move target A black wall.
The wall shatters!
The blast of rock fragments hits the demonspawn blood saint!!
The demonspawn blood saint is heavily wounded.
The blast of rock fragments hits the hellion!!
The hellion is severely wounded.
The blast of rock fragments hits the lorocyproca!!
The lorocyproca is moderately wounded.
You hear a chilling moan.
Your mana viper bites the orange demon.
The orange demon misses your mana viper.
The orange demon hits your mana viper but does no damage.
The demonspawn blood saint hits your smoke demon with a +0 dagger!
Your smoke demon is engulfed in flames.
Your smoke demon resists.
Your smoke demon hits the demonspawn blood saint but does no damage. x3
Casting: Lee's Rapid Deconstruction (dangerous; 1% risk of failure)
Confirm with . or Enter, or press ? or * to list all spells.
Aiming: Lee's Rapid Deconstruction (dangerous; 1% risk of failure)
Press: ? - help, Dir - move target A black wall.
The wall shatters!
The blast of rock fragments hits the demonspawn blood saint!!
The demonspawn blood saint is severely wounded.
The blast of rock fragments hits the hellwing!
The hellwing is moderately wounded.
The blast of rock fragments hits the lorocyproca!!
The lorocyproca is heavily wounded.
The blast of rock fragments hits the hellion!
The hellion is almost dead.
You hear a roar!
Your mana viper bites the orange demon!
The orange demon dies!
The hellion gestures at you.
The sphere of damnation explodes!
The damnation engulfs you!!
* * * LOW HITPOINT WARNING * * *
The demonspawn blood saint barely misses your smoke demon.
An ice devil comes into view.
Your mana viper bites the lorocyproca but does no damage.
Your smoke demon hits the demonspawn blood saint but does no damage.
Your smoke demon barely misses the demonspawn blood saint.
Your smoke demon completely misses the demonspawn blood saint.
The hellion gestures at you.
The sphere of damnation explodes!
The damnation engulfs you!!!
You die...

###########
#8.@.4...8#
#....66...#
#..##S##2.#
#.##.32# .#
#).H.#6.2.#
.......#...#4....
.........∩....4..
...##..#...#..##.
... #....#....#


You could see a demonspawn blood saint (distracted, ally target), a lorocyproca
(invisible), a hellwing, an ice devil, a hellion (ally target), 2 friendly
demonspawn blood saints, a friendly blizzard demon (summoned, wandering,
strong), a friendly mana viper (summoned, strong, weak), a friendly ice devil
(summoned, wandering, strong) and a friendly smoke demon (summoned, weak).

Vanquished Creatures
  Margery (Vaults:2)
  Mlioglotl (Spider:1)
  Zenata (Vaults:2)
  2 deep elf master archers (Elf:3)
  A deep elf blademaster (Elf:3)
  3 vault wardens
  5 deep elf sorcerers (Elf:3)
  2 frost giants (Shoals:2)
  8 ironbound preservers
  4 deep elf elementalists (Elf:3)
  A broodmother (Spider:2)
  An ironbound thunderhulk (Vaults:3)
  2 war gargoyles
  3 deep elf demonologists
  Nessos (D:13)
  A spark wasp (Spider:4)
  7 deep elf annihilators (Elf:3)
  2 white draconians (IceCv)
  4 deep elf death magi (Elf:3)
  A dire elephant (Vaults:2)
  A merfolk javelineer (Shoals:4)
  2 merfolk impalers (Shoals:2)
  A crystal guardian (Vaults:2)
  A yaktaur captain (Vaults:2)
  2 vault guards (Vaults:1)
  An ironbound frostheart (Vaults:2)
  3 two-headed ogres
  A radroach (Spider:2)
  A peacekeeper (Vaults:2)
  A satyr (Shoals:4)
  2 dancing weapons (Elf:3)
  3 hell knights (Vaults:2)
  2 deep elf knights (Elf:3)
  2 sixfirhies (WizLab)
  A fire crab (shapeshifter) (Lair:1)
  2 sea snakes (Shoals:2)
  A large abomination (Lair:1)
  A skeletal warrior (D:12)
  19 deep trolls
  An orb spider (Spider:2)
  A glowing orange brain (Vaults:1)
  2 lindwurms
  A kraken simulacrum (Shoals:2)
  An orc knight (Vaults:2)
  A deep elf archer (Elf:3)
  A wizard (Vaults:1)
  5 ironbound convokers
  7 deep elf zephyrmancers
  A harpy (Shoals:2)
  8 deep elf pyromancers
  2 cyclopes (D:12)
  2 manticores (Shoals:1)
  3 nameless horrors
  3 ugly things
  2 elephants (Lair:5)
  4 vault sentinels
  2 merfolk sirens (Shoals:2)
  A water nymph (Shoals:4)
  A cane toad (shapeshifter) (Elf:2)
  A storm dragon simulacrum (IceCv)
  A demonic crawler (Spider:1)
  A komodo dragon (D:12)
  A tormentor (WizLab)
  A golden dragon simulacrum (IceCv)
  5 yaktaurs (Vaults:1)
  2 trolls
  A queen bee (Lair:4)
  3 meliai (Lair:4)
  A hornet (Lair:1)
  A tarantella (Spider:4)
  15 slime creatures
  2 culicivoras (Spider:4)
  3 jumping spiders
  A wyvern (D:11)
  2 wraiths (D:12)
  11 yaks
  A fire elemental (Elf:2)
  A redback (Spider:3)
  2 sea snake simulacra (Shoals:2)
  An alligator snapping turtle simulacrum (Shoals:2)
  2 vampire mosquitoes (D:11)
  A death yak simulacrum (Shoals:2)
  A harpy simulacrum (Shoals:2)
  An ice beast (D:8)
  2 orc warriors (Orc:1)
  An ice dragon simulacrum (IceCv)
  2 satyr simulacra (Shoals:2)
  An ogre (D:6)
  2 sky beasts
  2 boggarts (D:14)
  A centaur (D:11)
  A phantom (D:6)
  2 kobold brigands
  Blork the orc (D:5)
  2 bullfrogs
  An earth elemental (Elf:3)
  A faun simulacrum (Shoals:2)
  3 merfolk simulacra (Shoals:2)
  2 wights (D:8)
  4 snapping turtle simulacra (Shoals:2)
  11 killer bees (Lair:4)
  A howler monkey (D:13)
  2 manticore simulacra (Shoals:2)
  2 jellies
  5 electric eels
  4 hounds
  4 orc priests
  3 cyclops simulacra (Shoals:2)
  An iguana (D:5)
  9 orc wizards
  2 centaur simulacra (Shoals:2)
  A gnoll (D:5)
  3 adders
  A river rat (Sewer)
  A shadow imp (D:7)
  A worm (D:4)
  2 dart slugs
  21 orcs
  3 endoplasms
  A giant cockroach (D:1)
  A gnoll zombie (Ossuary)
  A goblin (D:2)
  3 hobgoblins (D:2)
  2 ball pythons
  A bat (D:2)
  2 frilled lizards
  A hobgoblin zombie (Ossuary)
  5 kobolds
  A kobold skeleton (D:7)
  An orc zombie (Ossuary)
  7 rats
340 creatures vanquished.

Vanquished Creatures (collateral kills)
  Boris (Vaults:2)
  Jorgrun (D:12)
  A tentacled monstrosity (Vaults:1)
  A deep elf blademaster (Elf:3)
  A deep elf master archer (Elf:3)
  A kraken (Shoals:1)
  Agnes (Spider:3)
  An eldritch tentacle (Vaults:1)
  Frances (Elf:1)
  Polyphemus (Shoals:2)
  Ilsuiw (Shoals:2)
  Roxanne (Shoals:3)
  A balrug (WizLab)
  A draconian knight (IceCv)
  An orc warlord (Vaults:2)
  5 emperor scorpions
  A frost giant (Vaults:1)
  6 vault wardens
  Aizul (Shoals:3)
  Louise (Spider:1)
  6 ghost moths (Spider:4)
  9 ironbound preservers
  A very ugly thing (Vaults:2)
  A stone giant (D:15)
  A broodmother (Spider:3)
  An ironbound thunderhulk (Vaults:1)
  11 dire elephants
  2 deep elf annihilators (Elf:3)
  3 entropy weavers
  Azrael (D:13)
  3 white draconians (IceCv)
  The ghost of Zewer the Thaumaturge, a journeyman OpFE of Sif Muna (Lair:1)
  A spark wasp (Spider:4)
  A deep elf death mage (Vaults:1)
  2 merfolk javelineers (Shoals:4)
  2 merfolk impalers (Shoals:4)
  5 yaktaur captains (Vaults:2)
  A deep elf high priest (Elf:3)
  7 great orbs of eyes
  A hell beast (WizLab)
  An ice dragon (Lair:4)
  2 hydras (Lair:5)
  6 boulder beetles
  2 vault guards
  A radroach (Spider:4)
  5 catoblepae
  6 ironbound frosthearts
  6 centaur warriors
  2 ogre magi
  An alligator snapping turtle (Shoals:3)
  A merfolk avatar (Shoals:1)
  5 merfolk aquamancers
  A hell hog (Lair:1)
  6 satyrs (Shoals:4)
  4 two-headed ogres
  2 tengu warriors
  A death scarab (Spider:3)
  28 dancing weapons
  8 orc high priests
  16 death yaks
  5 deep elf knights
  A hell knight (Vaults:2)
  2 sun moths
  5 pharaoh ants
  Nergalle (Lair:3)
  3 sixfirhies
  23 deep trolls
  2 skeletal warriors (D:12)
  8 orb spiders
  An orange crystal statue (IceCv)
  9 sea snakes
  3 steelbarb worms
  6 deep elf archers
  3 orc knights
  A wizard (Vaults:2)
  7 ironbound convokers
  9 harpies
  18 deep elf pyromancers
  11 lindwurms
  12 wolf spiders
  15 deep elf zephyrmancers
  2 necromancers
  An orc sorcerer (Orc:2)
  9 ugly things
  13 manticores
  11 cyclopes
  12 fauns
  A moth of wrath (Spider:1)
  9 elephants (Lair:5)
  11 merfolk sirens
  A stone giant skeleton (Vaults:3)
  2 black mambas
  A toenail golem (Volcano)
  A torpor snail (shapeshifter) (D:13)
  2 orange demons (WizLab)
  2 molten gargoyles (Volcano)
  8 vault sentinels
  3 water nymphs
  6 storm dragon simulacra (IceCv)
  3 gargoyles
  2 torpor snails
  An unseen horror (D:12)
  3 cane toads (Lair:5)
  3 rime drakes
  An unseen horror (shapeshifter) (Elf:2)
  An elf skeleton (Vaults:3)
  A kobold demonologist (D:9)
  9 demonic crawlers
  4 komodo dragons
  3 efreet
  An ice devil (Lair:4)
  An ancient zyme (Lair:1)
  5 golden dragon simulacra (IceCv)
  3 polar bears
  18 yaktaurs
  8 trolls
  3 meliai (Spider:3)
  17 tarantellas
  22 merfolk
  3 wind drakes
  A tarantella (shapeshifter) (D:13)
  A raiju (shapeshifter) (D:14)
  5 hornets (Spider:4)
  15 slime creatures
  6 snapping turtles
  9 dream sheep
  10 jumping spiders
  19 blink frogs
  2 centaur simulacra (D:15)
  A shapeshifter (Vaults:1)
  7 water elementals
  10 culicivoras
  A ynoxinul (WizLab)
  47 yaks
  A spriggan (Lair:1)
  2 air elementals
  A vampire (D:11)
  2 wyverns
  A wraith (D:12)
  5 basilisks
  11 fire elementals
  3 fire bats (Lair:4)
  11 humans
  A warg (shapeshifter) (D:14)
  16 vampire mosquitoes
  A chaos spawn (Lair:1)
  8 wargs (Orc:2)
  32 redbacks
  A harpy simulacrum (Lair:4)
  5 hell hounds (D:13)
  An acid dragon (D:11)
  4 nameless horrors
  16 water moccasins
  16 orc warriors
  2 ice beasts
  A black bear (Lair:2)
  2 ice dragon simulacra (IceCv)
  2 sky beasts
  A human zombie (Vaults:3)
  A wolf (Lair:4)
  2 boggarts (D:14)
  7 ogres
  12 centaurs
  A phantom (D:6)
  5 kobold brigands
  A gnoll sergeant (D:5)
  A necrophage (D:6)
  2 scorpions (D:6)
  5 bullfrogs
  A cane toad simulacrum (Lair:4)
  7 earth elementals
  11 wights
  9 killer bees (Lair:4)
  A lindwurm simulacrum (IceCv)
  3 howler monkeys (D:13)
  37 orc priests
  2 hounds
  A gnoll bouda (D:9)
  2 iguanas (D:4)
  A jelly (Lair:4)
  22 orc wizards
  4 hell rats (Lair:2)
  A troll simulacrum (Lair:4)
  A wolf simulacrum (Lair:4)
  8 mummies (Ossuary)
  Robin (D:2)
  10 gnolls
  A naga simulacrum (Lair:4)
  14 adders
  A river rat (Sewer)
  2 white imps
  2 worms (D:2)
  A dart slug (D:2)
  81 orcs
  4 bats
  6 endoplasms
  2 gnoll zombies (Ossuary)
  8 hobgoblins
  2 jackals (D:4)
  27 kobolds
  4 quokkas
  8 ball pythons
  6 frilled lizards
  4 goblins
  A hobgoblin zombie (Ossuary)
  A kobold skeleton (D:7)
  A kobold zombie (Ossuary)
  An orc zombie (Ossuary)
  16 rats
  A fire vortex (Volcano)
  3 tentacles (Shoals:1)
1181 creatures vanquished.

Vanquished Creatures (others)
  15 eldritch tentacles
  A deep elf sorcerer (Elf:1)
  A vault warden (Vaults:3)
  An ironbound thunderhulk (Vaults:2)
  A spark wasp (Spider:4)
  Snorg (Lair:4)
  3 two-headed ogres
  A dancing weapon (Elf:2)
  A deep elf knight (Elf:2)
  2 skeletal warriors
  An ironbound convoker (Vaults:1)
  A lindwurm (Lair:5)
  A deep elf zephyrmancer (Elf:2)
  2 deep elf pyromancers
  3 orc knights
  A manticore (Shoals:3)
  An ugly thing (D:14)
  A cyclops (D:15)
  An elephant (Lair:5)
  A gargoyle (D:12)
  2 yaktaurs (Vaults:2)
  A komodo dragon (D:11)
  A rime drake (Lair:4)
  3 golden dragon simulacra (IceCv)
  An efreet (Volcano)
  A tarantella (Spider:4)
  2 slime creatures (D:12)
  A jumping spider (Spider:4)
  A shadow (D:10)
  A basilisk (D:11)
  2 wyverns
  A human (D:13)
  3 yaks
  A warg (Orc:2)
  An orc warrior (D:12)
  An ogre (D:12)
  An ice dragon simulacrum (IceCv)
  A wolf (Lair:4)
  A centaur (D:15)
  An elephant simulacrum (Lair:4)
  A gnoll (D:5)
  A fire vortex (Volcano)
  23 fungi
  211 plants
  6 tentacles (Shoals:1)
309 creatures vanquished.

Grand Total: 1830 creatures vanquished

Notes
Turn   | Place    | Note
-------+----------+-------------------------------------------
     0 | D:1      | Ge0ff the Vine Stalker Summoner began the quest for the
                  | Orb.
     0 | D:1      | Reached XP level 1. HP: 9/9 MP: 4/4
   259 | D:1      | Reached skill level 1 in Fighting
   425 | D:1      | Reached XP level 2. HP: 10/14 MP: 1/6
   431 | D:1      | Learned a level 2 spell: Call Imp
  1435 | D:2      | Reached XP level 3. HP: 18/18 MP: 4/7
  1578 | D:2      | Noticed Robin
  1759 | D:2      | Reached skill level 5 in Summonings
  1762 | D:2      | Gained mutation: Your natural rate of healing is unusually
                  | fast. [Vine Stalker growth]
  1762 | D:2      | Reached XP level 4. HP: 22/22 MP: 6/8
  1939 | D:2      | Killed Robin
  2226 | D:2      | Reached XP level 5. HP: 25/25 MP: 3/9
  2244 | D:2      | Learned a level 3 spell: Call Canine Familiar
  2312 | D:2      | Learned a level 3 spell: Summon Guardian Golem
  2355 | D:2      | Found a faded altar of an unknown god.
  2672 | D:2      | Found a faded altar of an unknown god.
  3353 | D:3      | Reached skill level 6 in Summonings
  3477 | D:3      | Reached skill level 1 in Hexes
  3994 | D:4      | Reached XP level 6. HP: 28/30 MP: 7/11
  4116 | D:4      | Found a glowing drain.
  4133 | Sewer    | Entered a sewer
  5188 | D:5      | Entered Level 5 of the Dungeon
  5314 | D:5      | Noticed a water moccasin
  5327 | D:5      | Killed a water moccasin
  5401 | D:5      | Reached skill level 7 in Summonings
  5401 | D:5      | Reached XP level 7. HP: 33/33 MP: 10/13
  5430 | D:5      | Noticed Blork the orc
  5437 | D:5      | Learned a level 4 spell: Summon Lightning Spire
  5513 | D:5      | Found a sacrificial altar of Ru.
  5513 | D:5      | Found an iron altar of Okawaru.
  5518 | D:5      | Became a worshipper of Ru the Awakened
  5612 | D:5      | Found Lioshoefe's Weapon Emporium.
  5743 | D:5      | Reached skill level 1 in Air Magic
  5832 | D:5      | Noticed a nameless horror
  5845 | D:5      | Killed a nameless horror
  5853 | D:5      | Killed Blork the orc
  5931 | D:5      | Found a blossoming altar of Fedhas.
  5935 | D:5      | Found Bynihov's General Store.
  6365 | D:6      | Gained mutation: You have razor-sharp teeth. [Vine Stalker
                  | growth]
  6365 | D:6      | Reached XP level 8. HP: 37/37 MP: 12/15
  6432 | D:6      | Reached skill level 8 in Summonings
  6502 | D:6      | Reached skill level 1 in Polearms
  6502 | D:6      | Reached skill level 5 in Air Magic
  6544 | D:6      | Found a sand-covered staircase.
  6673 | Ossuary  | Entered an ossuary
  7158 | D:6      | Found a staircase to the Ecumenical Temple.
  7268 | D:6      | Noticed a wyvern
  7281 | D:6      | Reached XP level 9. HP: 40/41 MP: 13/16
  7288 | D:6      | Reached skill level 9 in Summonings
  7442 | D:6      | Gained mutation: You are somewhat inexperienced. (-1 XL)
                  | [Ru sacrifice]
  7442 | D:6      | Reached XP level 8. HP: 37/37 MP: 15/15
  7442 | D:6      | Reached * piety under Ru
  7801 | D:7      | Found a runed translucent door.
  7809 | D:7      | Found a basalt altar of Yredelemnul.
  7870 | D:7      | Found Hedoyng's Antique Weapon Shop.
  7885 | D:7      | Bought a bloodstained short sword for 232 gold pieces
  7885 | D:7      | Identified the +10 short sword "Leneatan" {flame, Str+4}
                  | (You bought it in a shop on level 7 of the Dungeon)
  7898 | D:7      | Noticed a red ugly thing
  7909 | D:7      | Killed a red ugly thing
  7910 | D:7      | Reached skill level 10 in Summonings
  7969 | D:7      | Found Vorch's General Store.
  8278 | D:7      | Reached XP level 9. HP: 42/42 MP: 10/16
  8472 | D:8      | Identified the +1 arbalest "Goblinslayer" {penet, *Slow rF+
                  | rC+ Int+4}
  8606 | D:8      | Reached skill level 11 in Summonings
  9123 | D:8      | Noticed a two-headed ogre
  9132 | D:8      | Killed a two-headed ogre
  9185 | D:8      | Reached skill level 12 in Summonings
  9220 | D:7      | Bought a potion of curing for 48 gold pieces
  9338 | D:8      | Noticed a skeletal warrior
  9338 | D:8      | Noticed a cyclops
  9338 | D:8      | Noticed a deep elf pyromancer
  9339 | D:8      | Found a runed translucent door.
  9341 | D:8      | Identified the ring of Light {Fly Stlth+}
  9341 | D:8      | Noticed an ogre mage
  9341 | D:8      | Noticed an orc knight
  9341 | D:8      | Noticed a boulder beetle
  9341 | D:8      | Noticed a deep elf pyromancer
  9541 | D:9      | Reached skill level 5 in Spellcasting
  9564 | D:9      | Noticed a kobold demonologist
  9573 | D:9      | Killed a kobold demonologist
  9574 | D:9      | Reached skill level 13 in Summonings
  9574 | D:9      | Reached XP level 10. HP: 45/49 MP: 15/18
  9629 | D:9      | Noticed a two-headed ogre
  9650 | D:9      | Killed a two-headed ogre
  9651 | D:9      | Reached skill level 1 in Armour
  9671 | D:9      | Found a shadowy altar of Dithmenos.
  9728 | D:9      | Noticed a two-headed ogre
  9750 | D:9      | Killed a two-headed ogre
  9751 | D:9      | Reached skill level 14 in Summonings
 10228 | D:9      | Noticed a two-headed ogre
 10238 | D:9      | Killed a two-headed ogre
 10639 | D:10     | Entered Level 10 of the Dungeon
 10639 | D:10     | Found Cunecea's Neck Hole.
 10796 | D:10     | Gained mutation: You cannot train Armour skill. [Ru
                  | sacrifice]
 10796 | D:10     | Reached ** piety under Ru
 10796 | D:10     | Reached *** piety under Ru
 10973 | D:10     | Noticed a manticore
 10981 | D:10     | Killed a manticore
 11316 | D:10     | Noticed a two-headed ogre
 11327 | D:10     | Killed a two-headed ogre
 11642 | D:11     | Noticed a cyclops
 11652 | D:11     | Killed a cyclops
 11770 | D:11     | Found Maile's Magic Scroll Boutique.
 11778 | D:11     | Bought a scroll of identify for 30 gold pieces
 11778 | D:11     | Bought a scroll of identify for 30 gold pieces
 11818 | D:11     | Reached XP level 11. HP: 46/52 MP: 17/23
 11820 | D:11     | Reached skill level 15 in Summonings
 11965 | D:11     | Noticed a two-headed ogre
 11972 | D:11     | Killed a two-headed ogre
 12328 | D:11     | Found a staircase to the Lair.
 12492 | D:12     | Noticed Jorgrun
 12499 | D:12     | Killed Jorgrun
 12606 | D:12     | Found a staircase to the Orcish Mines.
 12786 | D:12     | Noticed a two-headed ogre
 12790 | D:12     | Killed a two-headed ogre
 12791 | D:12     | Reached skill level 16 in Summonings
 12902 | D:12     | Reached skill level 10 in Spellcasting
 12977 | D:12     | Noticed a boulder beetle
 12990 | D:12     | Killed a boulder beetle
 13067 | D:12     | Reached XP level 12. HP: 52/56 MP: 21/27
 13161 | D:12     | Reached skill level 17 in Summonings
 13718 | D:12     | Found a staircase to the Orcish Mines.
 14207 | D:8      | Reached skill level 18 in Summonings
 14323 | D:8      | Got the Vademecum on Hexes and the Gathering
 14332 | D:8      | Learned a level 7 spell: Monstrous Menagerie
 14528 | Lair:1   | Entered Level 1 of the Lair of Beasts
 14546 | Lair:1   | Reached skill level 1 in Invocations
 14870 | Lair:1   | Found a transporter.
 14871 | Lair:1   | Found a transporter.
 14874 | Lair:1   | Found a one-way gate to the infinite horrors of the Abyss.
 14874 | Lair:1   | Noticed Zewer's ghost (journeyman OpFE)
 15390 | Lair:2   | Found a hole to the Spider Nest.
 15431 | Lair:2   | Found a staircase to the Shoals.
 16183 | Lair:3   | Noticed Nergalle
 16216 | Lair:2   | Learned a level 1 spell: Apportation
 16221 | Lair:2   | Learned a level 4 spell: Anguish
 16725 | Lair:3   | Killed Nergalle
 16726 | Lair:3   | Reached XP level 13. HP: 60/60 MP: 20/29
 17134 | Lair:4   | Learned a level 2 spell: Blink
 17137 | Lair:4   | Learned a level 2 spell: Passwall
 17147 | Lair:4   | Found a dark tunnel.
 17206 | Lair:4   | Reached skill level 19 in Summonings
 17269 | Volcano  | Entered a volcano
 17831 | Lair:4   | Learned a level 5 spell: Yara's Violent Unravelling
 17897 | Lair:4   | Noticed Snorg
 17918 | Lair:4   | Killed Snorg
 18052 | Lair:4   | Found a viscous altar of Jiyva.
 18104 | Lair:4   | Found a staircase to the Slime Pits.
 18929 | Lair:5   | Entered Level 5 of the Lair of Beasts
 18934 | Lair:5   | Reached skill level 5 in Hexes
 18937 | Lair:5   | Reached skill level 1 in Transmutations
 18942 | Lair:5   | Reached skill level 1 in Necromancy
 18974 | Lair:5   | Reached skill level 1 in Earth Magic
 18987 | Lair:5   | Reached skill level 1 in Translocations
 19025 | Lair:5   | Reached skill level 5 in Fighting
 19110 | Lair:5   | Reached XP level 14. HP: 61/68 MP: 21/30
 19463 | Lair:5   | Identified the +7 short sword "Famn" {drain, rElec Will+
                  | Dex+6}
 19936 | Lair:5   | Identified the +7 shortbow of Gukab {flame, Str+3 Int+3}
 20488 | Orc:1    | Entered Level 1 of the Orcish Mines
 20605 | Orc:2    | Entered Level 2 of the Orcish Mines
 20838 | Orc:2    | Found a staircase to the Elven Halls.
 20855 | Orc:1    | Found a burning altar of Makhleb.
 21565 | D:11     | Learned a level 5 spell: Summon Mana Viper
 21919 | Orc:2    | Reached skill level 10 in Hexes
 22053 | Orc:2    | Found Ricugula's Assorted Antiques.
 22053 | Orc:2    | Found Jioneu's General Store.
 22059 | Orc:2    | Bought a scroll of fear for 56 gold pieces
 22093 | Orc:2    | Found Aqohoar's Armour Shoppe.
 22093 | Orc:2    | Found Viaskey's Distillery.
 22108 | Orc:2    | Bought a potion of cancellation for 128 gold pieces
 22186 | Orc:2    | Bought a +0 buckler for 58 gold pieces
 22186 | Orc:2    | Bought a +2 pair of boots for 214 gold pieces
 22331 | D:13     | Noticed Azrael
 22360 | D:13     | Killed Azrael
 22505 | D:13     | Identified the +1 helmet of Somewhere Else {Str+3}
 22628 | D:13     | Reached XP level 15. HP: 65/74 MP: 9/32
 22673 | D:13     | Found a gate to the Vaults.
 22747 | D:13     | Noticed Nessos
 22766 | D:13     | Killed Nessos
 23815 | D:14     | Reached skill level 5 in Earth Magic
 23932 | D:14     | Reached skill level 5 in Necromancy
 24347 | D:15     | Entered Level 15 of the Dungeon
 24863 | D:15     | Reached skill level 5 in Transmutations
 25105 | D:15     | Found a staircase to the Depths.
 25501 | Shoals:1 | Entered Level 1 of the Shoals
 25629 | Shoals:1 | Noticed a kraken
 25684 | Shoals:1 | Killed a kraken
 25939 | Shoals:1 | Found Tecuub's General Store.
 25973 | Shoals:1 | Bought a scroll of summoning for 161 gold pieces
 26561 | Shoals:2 | Noticed Polyphemus
 26596 | Shoals:2 | Noticed Ilsuiw
 26638 | Shoals:2 | Reached skill level 20 in Summonings
 26682 | Shoals:2 | Found a glowing silver altar of Zin.
 26740 | Shoals:2 | Found a runed translucent gate.
 26740 | Shoals:2 | Found a runed translucent gate.
 26740 | Shoals:2 | Found a runed translucent gate.
 26765 | Shoals:2 | Found a frozen archway.
 26838 | IceCv    | Entered an ice cave
 27367 | IceCv    | Reached skill level 1 in Throwing
 27670 | IceCv    | Reached skill level 1 in Evocations
 27672 | IceCv    | Reached XP level 16. HP: 51/80 MP: 16/33
 27722 | IceCv    | Identified the amulet of Nianabron {Reflect rC- rCorr Int+2
                  | SH+5}
 27732 | IceCv    | Identified the ring "Tiajees" {rElec rF+ Int-5 SInv Stlth+}
 27988 | Shoals:2 | Identified the +3 leather armour of the Leaf {Str+2}
 28632 | Shoals:2 | Killed Polyphemus
 29170 | Shoals:2 | Found a glowing silver altar of Zin.
 29293 | Shoals:2 | Killed Ilsuiw
 29750 | Shoals:3 | Noticed Aizul
 29750 | Shoals:3 | Found Moseedd's Distillery.
 29761 | Shoals:3 | Killed Aizul
 29762 | Shoals:3 | Reached skill level 5 in Translocations
 29926 | Shoals:3 | Identified Roxanne's Parchment of Transmogrification
 29926 | Shoals:3 | Noticed Roxanne
 30009 | Shoals:3 | Bought a potion of haste for 160 gold pieces
 30028 | Shoals:3 | Killed Roxanne
 30383 | Shoals:3 | Identified the +2 pair of gloves of the Invisible Hand
                  | {Drain rPois rN+}
 30431 | Shoals:3 | Found Xetash's Assorted Antiques.
 30469 | Shoals:3 | Bought a wand of acid (5) for 483 gold pieces
 30856 | Shoals:4 | Entered Level 4 of the Shoals
 30959 | Shoals:4 | Got the Teachings on Aerial Incandescence
 30966 | Shoals:4 | Learned a level 5 spell: Lee's Rapid Deconstruction
 30999 | Shoals:4 | Identified the ring of Ucraigronka {rF+ Dex+4 Slay+3}
 31677 | Shoals:4 | Got a barnacled rune of Zot
 32111 | Shoals:4 | Reached XP level 17. HP: 84/84 MP: 15/35
 32767 | Spider:1 | Entered Level 1 of the Spider Nest
 32911 | Spider:1 | Noticed Louise
 32935 | Spider:1 | Killed Louise
 33037 | Spider:1 | Noticed Mlioglotl
 33122 | Spider:1 | Reached skill level 1 in Shields
 33412 | Spider:1 | Killed Mlioglotl
 33897 | Spider:2 | You fall into a shaft and drop 1 floor!
 33916 | Spider:3 | Reached skill level 5 in Throwing
 35183 | Spider:3 | Noticed Agnes
 35194 | Spider:3 | Killed Agnes
 35592 | Spider:4 | Entered Level 4 of the Spider Nest
 35683 | Spider:4 | Noticed Arachne
 35692 | Spider:4 | Noticed Garessta's ghost (adept DsGl)
 35701 | Spider:4 | Found a transporter.
 35726 | Spider:4 | Found a transporter.
 35801 | Spider:4 | Reached skill level 5 in Dodging
 37141 | Spider:4 | Reached skill level 10 in Earth Magic
 37541 | Spider:4 | Reached XP level 18. HP: 91/91 MP: 12/37
 37624 | Spider:4 | Got a gossamer rune of Zot
 38085 | Lair:1   | Killed Zewer's ghost
 38331 | Elf:1    | Entered Level 1 of the Elven Halls
 38401 | Elf:1    | Found Tucaruse's Tremendous Tomes.
 38568 | Elf:1    | Reached skill level 1 in Short Blades
 38594 | Elf:1    | Reached skill level 10 in Fighting
 38715 | Elf:1    | Identified the +4 hand axe of Anxiety {freeze, Str+2}
 38726 | Elf:1    | Got Diotwos's Spellbook of Illusion
 38855 | Elf:1    | Identified the +10 rapier of Jeococw {protect, Str+3}
 38921 | Elf:1    | Identified the +5 chain mail "Loociq" {Fly rElec Regen+
                  | Int+4}
 38945 | Elf:1    | Paralysed by an air elemental for 1 turns
 38978 | Elf:1    | Noticed Frances
 38986 | Elf:1    | Killed Frances
 38987 | Elf:1    | Reached skill level 5 in Evocations
 39375 | Elf:2    | Paralysed by an air elemental for 1 turns
 39379 | Elf:2    | Paralysed by an air elemental for 1 turns
 39421 | Elf:2    | Found Kiklef's Book Shop.
 39973 | Elf:2    | Found a runed translucent gate.
 39973 | Elf:2    | Found a runed translucent gate.
 39973 | Elf:2    | Found a runed translucent gate.
 40752 | Elf:2    | Reached skill level 5 in Shields
 41369 | Elf:3    | Entered Level 3 of the Elven Halls
 42264 | Elf:3    | Reached skill level 5 in Short Blades
 42604 | Elf:3    | Identified the amulet "Xugimao" {Faith Harm rN+ Will-}
 42650 | Elf:3    | Reached XP level 19. HP: 98/98 MP: 33/38
 43111 | Elf:3    | Identified the +9 quarterstaff of Bloody Death {freeze,
                  | Contam rC++ Will+ Dex+2}
 43111 | Elf:3    | Identified the ring "Dibaiwuph" {Fly rElec}
 43132 | Elf:3    | Identified the +4 spear "Nakykh" {flame, rPois Str+2}
 43265 | Elf:3    | Identified the +1 pair of gloves of the Dragon {Dex+2}
 43284 | Elf:3    | Identified the +1 chain mail "Sehopa Wouch" {rF- rC+ rCorr
                  | Str+4}
 43356 | Elf:3    | Identified the +7 falchion "Liwun" {vorpal, *Slow Int+6}
 43363 | Elf:3    | Found the +0 pair of fencer's gloves {Riposte Dex+3}
 43369 | Elf:3    | Identified the +4 ring mail "Duni" {+Inv Dex+2}
 43875 | Lair:5   | Learned a level 7 spell: Malign Gateway
 44092 | Vaults:1 | Entered Level 1 of the Vaults
 44132 | Vaults:1 | Reached skill level 15 in Spellcasting
 44782 | Vaults:1 | Reached XP level 20. HP: 97/102 MP: 33/40
 44844 | Vaults:1 | Identified the ring of Wepuqe {Will- AC+4 Str+6 Dex+3}
 45146 | Vaults:1 | Reached skill level 10 in Translocations
 45814 | Vaults:2 | Identified the +1 robe of Surprise {-Tele rElec rPois
                  | rC+++}
 45827 | Vaults:2 | Found a portal to a secret trove of treasure.
 45959 | Vaults:2 | Identified the +8 battleaxe of Puepuul {vamp, rF+ rN++
                  | Will+ Stlth+}
 46376 | Vaults:2 | Noticed Zenata
 46397 | Vaults:2 | Noticed Margery
 46422 | Vaults:2 | Killed Margery
 46940 | Vaults:2 | Killed Zenata
 47231 | Vaults:2 | Noticed Boris
 47247 | Vaults:2 | Killed Boris
 48114 | Vaults:3 | Found Jiotzifet's Armour Emporium.
 48166 | Vaults:3 | Found a magical portal.
 48175 | WizLab   | Entered The Hall of the Hellbinder
 48252 | WizLab   | Reached XP level 21. HP: 43/105 MP: 22/41
 48256 | WizLab   | Killed from afar by a hellion

Illustrated notes

Levels and vault maps discovered:
D:1:      wander_arrival_lonely_grave, layout_loops_cross
D:2:      layout_basic, shapermc_ecumenical_altar_hornbeckon,
          kennysheep_doodads, minmay_rat_hole, uniq_robin
D:3:      layout_basic
D:4:      layout_basic, cheibrodos_sewer_entry_bend
D:5:      kennysheep_spiral_hall, layout_basic, mainiacjoe_overflow_alcove_1,
          mainiacjoe_overflow_large_starburst, serial_shops, kennysheep_mini,
          nicolae_shop_behind_doors, uniq_blork_the_orc
D:6:      layout_loops_ring, minmay_temple_entry_offerings,
          nicolae_ossuary_entry_false_entrances,
          minmay_fractal_squares_gapless_5
D:7:      layout_basic, dk_yredelemnul_ordeal, serial_shops,
          nicolae_take_the_stairs, shop
D:8:      minmay_gate_of_8, layout_basic, minmay_misc_feat_hallway,
          due_unseen_surprise
D:9:      layout_basic, marbit_many_paths
D:10:     layout_loops_ring, grunt_decor_fettered,
          nicolae_shop_sticking_my_neck_out
D:11:     layout_cave_pools, erik_lair_dragon, serial_shops, shop
D:12:     layout_rooms, hiddenorc2_lemuel, grunt_potential, uniq_jorgrun
D:13:     layout_loops_ring, ximxim_vaults_locker_room, uniq_nessos, uniq_azrael
D:14:     layout_rooms, grunt_decor_junction
D:15:     grunt_enter_depths_giant_problem, layout_rooms, serial_park_gazebo
          [serial_park_minivault_5x5_2], drop_trap
Lair:1:   layout_cave_pods, gammafunk_ghost_abyssal_escape
Lair:2:   layout_gridlike, minmay_shoals_entry_centaurs,
          spider_nest_entry_web_field, minivault_11, minivault_24
Lair:3:   layout_chaotic_city, serial_bayou_shore_b, uniq_nergalle
Lair:4:   dreamdust_isle_of_ice, layout_cave_pods, minmay_slime_entry_pillars,
          nicolae_volcano_entry_batcave, special_room [special_room_bee],
          uniq_snorg
Lair:5:   evilmike_catoblepas_cave, layout_gridlike, minmay_lindwurm_lava,
          grunt_megastairs_4
Shoals:1: layout_shoals, serial_shops, nicolae_shop_crystal
Shoals:2: layout_shoals, portal_ice_cave_entry_pillars_1, lemuel_altar_in_water,
          nicolae_shoals_beach_cooler, uniq_polyphemus, uniq_ilsuiw
Shoals:3: layout_shoals, serial_shops, shop, shop, uniq_aizul, uniq_roxanne
Shoals:4: shoals_end_grunt_garden, layout_shoals
Spider:1: layout_spider_delve, uniq_mlioglotl, uniq_louise
Spider:2: layout_spider_delve, drop_trap
Spider:3: layout_spider_delve, hangedman_spider_tarantella_strand,
          nicolae_spider_cling_halls, uniq_agnes
Spider:4: spider_rune_water, nzn_ghost_randoct
Orc:1:    layout_caves, basic_altar, minmay_orc_temple_c
Orc:2:    st_orc_town, layout_caves
Elf:1:    nicolae_elf_arrival_fired_up, layout_rooms, minmay_elf_demonology,
          nicolae_shop_i_like_big_books, abandoned_shop,
          nicolae_elf_glass_and_crystal_pillar_1, dreamdust_princess_bridge,
          uniq_frances
Elf:2:    nicolae_elf_blades_splatter_lattice [nicolae_blade_little_rooms],
          layout_geoelf_octagon, serial_shops, shop
Elf:3:    minmay_elf_hall_quartered_circle, layout_geoelf_diagonals,
          nicolae_elf_big_sculpture_1
Vaults:1: vaults_dpeg_spiral, st_eye, hangedman_vaults_slice,
          hangedman_vaults_nails, vaults_mumra_lcd, v_misc_18,
          ontoclasm_vaults_ring_square, vaults_mumra_hex, v_misc_22, v_rooms_2,
          nicolae_vaults_shelves_hall, layout_vaults_ring
Vaults:2: vaults_mumra_chevron_long, hangedman_vaults_nails, v_alt_pattern_5,
          hangedman_vaults_pinch, nicolae_vaults_little_squares_5, v_rooms_1,
          ontoclasm_vaults_ligature, nicolae_vaults_little_squares_2,
          grunt_vaults_hallway_short, grunt_vaults_hallway_long, v_rooms_3,
          hangedman_vaults_trim, nicolae_vaults_diagonal_hallway_9,
          nicolae_vaults_little_squares_6, nicolae_vaults_diagonal_hallway_6,
          layout_vaults_omnibox, enter_trove_3, uniq_margery, uniq_zenata,
          uniq_boris
Vaults:3: mu_enter_wizlab_6, nicolae_vaults_little_squares_4,
          minmay_crypt_entry_simple_walls, nicolae_vaults_three_branches,
          ontoclasm_vaults_shuriken, st_quartered_hall, vaults_room_corners,
          vaults_dpeg_diagonal, hangedman_vaults_impose,
          nicolae_vaults_little_squares_1, nicolae_vaults_rhombus_7,
          layout_vaults_big_room, serial_shops,
          nicolae_shop_temple_entry_statues_fountains, uniq_mennas,
          uniq_asterion
WizLab:   wizlab_demon

Skill      XL: |  1  2  3  4  5  6  7  8  9 10 11 12 13 14 15 16 17 18 19 20 |
---------------+-------------------------------------------------------------+-----
Fighting       | 1 2 3 5 6 7 8 10 | 10.0
Summonings     | 5 6 7 10 13 14 16 18 19 20 | 20.0
Hexes          | 1 3 6 10 12 14 | 14.0
Spellcasting   | 3 4 5 7 10 11 12 13 14 15 | 15.0
Air Magic      | 2 7 6 |  7.0
Polearms       | 3 |  3.0
Dodging        | 2 4 5 6 7 9 |  9.1
Armour         | 0 |  0.0
Invocations    | 3 |  3.0
Transmutations | 2 4 6 7 |  7.0
Necromancy     | 2 4 6 7 |  7.0
Earth Magic    | 2 4 6 7 10 | 10.0
Translocations | 2 4 5 6 9 12 | 12.1
Throwing       | 1 4 6 |  6.0
Evocations     | 1 4 6 8 9 |  9.7
Shields        | 4 5 |  5.0
Short Blades   | 5 7 9 |  9.1
Stealth        | |  2.4

Action                   |  1- 3 |  4- 6 |  7- 9 | 10-12 | 13-15 | 16-18 | 19-21 || total
-------------------------+-------+-------+-------+-------+-------+-------+-------++-------
Melee: Unarmed           |    19 |       |       |       |       |       |       ||    19
       Bite              |     6 |     7 |    28 |     2 |       |   117 |   141 ||   301
       Spear             |    19 |    81 |   136 |     7 |       |       |       ||   243
       Short sword       |     2 |       |       |     3 |       |   247 |   264 ||   516
       Punch             |       |       |     1 |       |       |       |       ||     1
 Fire: Sling             |       |     3 |       |       |       |       |       ||     3
       Arbalest          |       |       |    45 |   166 |   162 |    35 |       ||   408
Throw: Dart              |       |       |       |     5 |     2 |     5 |     2 ||    14
       Throwing net      |       |       |       |     4 |       |     5 |     3 ||    12
       Boomerang         |       |       |       |     3 |     2 |    16 |     2 ||    23
 Cast: Summon Small Mamm |    20 |     5 |       |       |       |       |       ||    25
       Call Imp          |    13 |    43 |     8 |     1 |       |       |       ||    65
       Call Canine Famil |       |    20 |    46 |    36 |    18 |    27 |     1 ||   148
       Summon Lightning  |       |       |    28 |    54 |     3 |       |       ||    85
       Summon Guardian G |       |       |     9 |    35 |    23 |    17 |     4 ||    88
       Monstrous Menager |       |       |       |    32 |   265 |   310 |   102 ||   709
       Passwall          |       |       |       |       |     1 |       |       ||     1
       Anguish           |       |       |       |       |    16 |     1 |       ||    17
       Summon Mana Viper |       |       |       |       |    24 |    92 |    38 ||   154
       Apportation       |       |       |       |       |    10 |    21 |     6 ||    37
       Blink             |       |       |       |       |     1 |       |     2 ||     3
       Lee's Rapid Decon |       |       |       |       |       |    18 |    73 ||    91
       Malign Gateway    |       |       |       |       |       |       |    16 ||    16
       Yara's Violent Un |       |       |       |       |       |       |    10 ||    10
Invok: Sacrifice Experie |       |       |     1 |       |       |       |       ||     1
       Sacrifice Durabil |       |       |       |     1 |       |       |       ||     1
       Draw Out Power    |       |       |       |     1 |    12 |     8 |     4 ||    25
Evoke: Wand              |       |       |     5 |    10 |    33 |    32 |     5 ||    85
       Condenser vane    |       |       |       |       |     4 |     7 |     7 ||    18
       Box of beasts     |       |       |       |       |     1 |     3 |       ||     4
  Use: Scroll            |     2 |     8 |    10 |    13 |    16 |    18 |    10 ||    77
       Potion            |       |       |     2 |     1 |     3 |       |     1 ||     7
 Stab: Distracted        |     1 |     2 |     3 |     2 |       |     7 |     9 ||    24
       Sleeping          |     1 |       |     2 |       |       |     4 |     1 ||     8
       Betrayed ally     |       |       |     1 |       |       |       |       ||     1
       Invisible         |       |       |       |       |       |     2 |       ||     2
       Confused          |       |       |       |       |       |     2 |       ||     2
       Held in net/web   |       |       |       |       |       |       |     3 ||     3
       Paralysed         |       |       |       |       |       |       |     2 ||     2
Armor: Robe              |     8 |    10 |    20 |       |       |       |       ||    38
       Leather armour    |       |       |       |    57 |   115 |    26 |       ||   198
       Troll leather arm |       |       |       |       |       |   249 |   113 ||   362
Dodge: Dodged            |    26 |    29 |    52 |    84 |   158 |   314 |   228 ||   891
Block: Buckler           |       |       |       |       |       |   127 |   108 ||   235

Table legend: (Time is in decaauts)
 A = Elapsed time spent in this place.
 B = Non-inter-level travel time spent in this place.
 C = Inter-level travel time spent in this place.
 D = Time resting spent in this place.
 E = Time spent auto-exploring this place.
 F = Levels seen in this place.
 G = Mean time per level.
                   A        B        C        D        E       F      G
               +--------+--------+--------+--------+--------+-----+--------+
         Total |  48980 |  45141 |   3839 |   5507 |  25701 |  41 | 1194.6 |
       Dungeon |  17760 |  16145 |   1615 |   1080 |  10654 |  15 | 1184.0 |
          Lair |   6387 |   5477 |    910 |    241 |   3766 |   5 | 1277.4 |
        Shoals |   6151 |   5949 |    202 |   1144 |   3012 |   4 | 1537.8 |
   Spider Nest |   5066 |   4864 |    202 |    672 |   2710 |   4 | 1266.5 |
  Orcish Mines |   1908 |   1587 |    321 |    147 |    898 |   2 |  954.0 |
   Elven Halls |   5310 |   4963 |    347 |   1466 |   2014 |   3 | 1770.0 |
        Vaults |   4022 |   3782 |    240 |    227 |   2052 |   3 | 1340.7 |
         Sewer |    416 |    416 |      0 |      0 |    255 |   1 |  416.0 |
       Ossuary |    358 |    358 |      0 |    100 |     78 |   1 |  358.0 |
      Ice Cave |    995 |    995 |      0 |    261 |    232 |   1 |  995.0 |
       Volcano |    526 |    526 |      0 |    151 |     29 |   1 |  526.0 |
        Wizlab |     76 |     76 |      0 |     18 |      0 |   1 |   76.0 |
               +--------+--------+--------+--------+--------+-----+--------+

Top non-repeatable levels by time:
Shoals:2: 2323 daAuts
   Elf:3: 2214 daAuts
Spider:4: 2079 daAuts
Vaults:2: 2046 daAuts
   Elf:2: 2026 daAuts
Vaults:1: 1777 daAuts
     D:2: 1745 daAuts
    D:12: 1715 daAuts
     D:8: 1606 daAuts
  Lair:4: 1548 daAuts
Shoals:4: 1514 daAuts
  Lair:5: 1452 daAuts
  Lair:1: 1431 daAuts
     D:9: 1396 daAuts
    D:11: 1327 daAuts
